[Event "*** SCC Grand Prix: Titled Tuesday Blitz"]
[Site "Chess.com"]
[Date "2020.07.14"]
[Round "1"]
[White "SergeyKarjakin"]
[Black "Tsyhanchuk_Stanislav"]
[Result "1-0"]
[WhiteElo "2969"]
[BlackElo "2441"]
[TimeControl "180+1"]
[EndTime "10:06:04 PDT"]
[Termination "SergeyKarjakin won by resignation"]

1. d4 d5 2. Nf3 Nf6 3. Bf4 c5 4. e3 Nc6 5. Nbd2 Qb6 6. dxc5 Qxc5 7. c4 d4 8. a3 dxe3 9. Bxe3 Qh5 10. Be2 e5 11.
Nd4 Qg6 12. Nxc6 bxc6 13. Qa4 Bd7 14. O-O Be7 15. Nf3 Ng4 16. Rad1 Nxe3 17. fxe3 Qe6 18. c5 O-O 19. Bc4 Qh6 20. Rxd7 Qxe3+ 21. Kh1 Bxc5 22. Qxc6 Rac8 23. Qd5 Bb6 24. Rxf7 Kh8 25. Nxe5 Rg8 26. Rf8 Rcxf8 27. Qxg8+ 1-0

[Event "*** SCC Grand Prix: Titled Tuesday Blitz"]
[Site "Chess.com"]
[Date "2020.07.14"]
[Round "1"]
[White "RodinMihail"]
[Black "Anton_Demchenko"]
[Result "1-0"]
[WhiteElo "2436"]
[BlackElo "2826"]
[TimeControl "180+1"]
[EndTime "10:06:05 PDT"]
[Termination "RodinMihail won by checkmate"]

1. e4 e5 2. Nf3 Nc6 3. Nc3 Nf6 4. d4 exd4 5. Nxd4 Bb4 6. Nxc6 bxc6 7. Bd3 O-O 8. O-O Re8 9. Bg5 h6 10. Bh4 g5 11. Bg3 Bxc3 12. bxc3 Nxe4 13. Qh5 d6 14. f4 Bf5 15. Qxh6 Re6 16. Qh5 Qf6 17. Bxe4 Rxe4 18. fxg5 Qxc3 19. Rad1 Bg6 20. Qh6 Rae8 21. Rf6 R8e6 22.
Rdf1 Re2 23. h3 Qxg3 24. Qxg6+ Kh8 25. Qh5+ Kg8 26. Qxf7+ Kh8 27. Qf8+ Kh7 28. Qh6+ Kg8 29. Rf8# 1-0

[Event "*** SCC Grand Prix: Titled Tuesday Blitz"]
[Site "Chess.com"]
[Date "2020.07.14"]
[Round "1"]
[White "ftorodent"]
[Black "HanSchut"]
[Result "1-0"]
[WhiteElo "2654"]
[BlackElo "2337"]
[TimeControl "180+1"]
[EndTime "10:06:05 PDT"]
[Termination "ftorodent won by resignation"]

1. d4 Nf6 2. c4 g6 3. Nc3 d5 4.
Nf3 Bg7 5. cxd5 Nxd5 6. Bg5 c5 7. Rc1 Nxc3 8. bxc3 cxd4 9. cxd4 O-O 10. e3 Bg4 11. Qd2 Bxf3 12. gxf3 Nc6 13. f4 Qd6 14. Bg2 e6 15. O-O Rfc8 16. Rc5 Rc7 17. Rfc1 Rac8 18. Qc3 h6 19. Bh4 Kh7 20. f5 e5 21. d5 e4 22. f6 g5 23. fxg7 gxh4 24. dxc6 bxc6 25. Bxe4+ Kg8 26. h3 Qe6 27. Bf5 Qe7 28.
Bxc8 Rxc8 29. Rxc6 Rxc6 30. Qxc6 Kxg7 1-0

[Event "*** SCC Grand Prix: Titled Tuesday Blitz"]
[Site "Chess.com"]
[Date "2020.07.14"]
[Round "1"]
[White "Tactictic"]
[Black "WashUntilHoles"]
[Result "0-1"]
[WhiteElo "2378"]
[BlackElo "2713"]
[TimeControl "180+1"]
[EndTime "10:06:07 PDT"]
[Termination "WashUntilHoles won by resignation"]

1. e4 c6 2. d4 d5 3. e5 c5 4.
dxc5 e6 5. a3 Nc6 6. Nf3 Bxc5 7.
b4 Bb6 8. Bb2 Nge7 9. Bd3 Ng6 10. O-O Nf4 11. c4 O-O 12. Nc3 a6 13. g3 Nxd3 14.
Qxd3 dxc4 15. Qxc4 Bd7 16. Ne4 Ne7 17. Rfd1 Nd5 18.
h4 Bc6 19. Nd6 Qe7 20. Nd4 Bxd4 21. Rxd4 Rad8 22. Rad1 Rd7 23. Ne4 Rfd8 24. Qb3 Nb6 25. Nc5 Rxd4 26. Rxd4 Rxd4 27. Bxd4 Qd8 28. Qc3 Qd5 29.
f3 Nc4 30. Kf2 b6 31. Nd3 0-1

[Event "*** SCC Grand Prix: Titled Tuesday Blitz"]
[Site "Chess.com"]
[Date "2020.07.14"]
[Round "1"]
[White "ENajer77"]
[Black "KingCrusher275"]
[Result "1-0"]
[WhiteElo "2706"]
[BlackElo "2373"]
[TimeControl "180+1"]
[EndTime "10:06:07 PDT"]
[Termination "ENajer77 won by resignation"]

1. d4 d5 2. c4 e6 3. Nc3 Nf6 4. cxd5 exd5 5. Bg5 Be7 6. e3 c6 7. Bd3 Nbd7 8. Nf3 h6 9. Bf4 Nh5 10. Be5 Nxe5 11. Nxe5 Nf6 12. O-O O-O 13. Rc1 Be6 14.
f4 Bd6 15. Kh1 Re8 16. Qf3 Qe7 17. g4 Rac8 18. Rg1 c5 19. g5 hxg5 20. Rxg5 cxd4 21.
Rcg1 g6 22. exd4 Nh7 23. R5g3 Qf6 24. Bxg6 Bxe5 25. dxe5 1-0

[Event "*** SCC Grand Prix: Titled Tuesday Blitz"]
[Site "Chess.com"]
[Date "2020.07.14"]
[Round "1"]
[White "El_ultimo_Pablo"]
[Black "exoticprincess"]
[Result "0-1"]
[WhiteElo "2400"]
[BlackElo "2779"]
[TimeControl "180+1"]
[EndTime "10:06:08 PDT"]
[Termination "exoticprincess won by resignation"]

1. e4 c6 2. Nc3 d5 3. Nf3 Bg4 4. h3 Bxf3 5. Qxf3 e6 6. d4 dxe4 7. Qxe4 Nf6 8. Qd3 Nbd7 9. g3 h5 10. Bg5 Qc7 11. h4 O-O-O 12. Bg2 Kb8 13. O-O-O g6 14.
Ne4 Bh6 15. Bxh6 Rxh6 16. Nxf6 Nxf6 17. Qe3 Rhh8 18. Rhe1 Ng4 19. Qe2 a6 20. Kb1 Ka7 21.
c3 Rd7 22. Bf3 Nh6 23. Qe5 Qxe5 24. Rxe5 Rhd8 25. Rde1 Kb8 26. Kc2 Kc7 27. R5e2 Nf5 28. Be4 Nd6 29. Bg2 a5 30. a4 Nc4 31. b3 Nd6 32.
Re5 b6 33. Bf3 Nf5 34. R1e2 Nd6 35. Re1 Nf5 36. R1e2 Rd6 37. Bg2 Ne7 38. Bf3 Ng8 39.
Bg2 Nf6 40. Bf3 Nd7 41. R5e3 c5 42. dxc5 Nxc5 43. Bg2 R8d7 44. Bf3 Kd8 45. Re5 Ke7 46.
R5e3 Rd8 47. Re5 Kf6 48. R5e3 Rd1 49. Re5 Ra1 50. Kb2 Rdd1 51. Be4 Kxe5 52. Bc2+ Kf6 53. Bxd1 Rxd1 54. b4 axb4 55. cxb4 Nxa4+ 56. Kb3 b5 57. Rc2 Rd3+ 58. Ka2 Rf3 0-1

[Event "*** SCC Grand Prix: Titled Tuesday Blitz"]
[Site "Chess.com"]
[Date "2020.07.14"]
[Round "1"]
[White "ElCoachRene"]
[Black "Sergey85Rodchenkov"]
[Result "1/2-1/2"]
[WhiteElo "2207"]
[BlackElo "2521"]
[TimeControl "180+1"]
[EndTime "10:06:08 PDT"]
[Termination "Game drawn by repetition"]

1. d4 Nf6 2. Bf4 b6 3. e3 Bb7 4. Nf3 g6 5. Nbd2 Bg7 6. c3 O-O 7. Bd3 d6 8. Qe2 Nbd7 9. Ba6 Qc8 10. Bxb7 Qxb7 11. h3 Rfe8 12. a4 a6 13. O-O e5 14.
dxe5 dxe5 15. Bg3 e4 16. Nd4 c5 17. Nc2 Ne5 18. Bxe5 Rxe5 19. Nc4 Re6 20. Rfd1 Qc6 21. a5 b5 22. Nb6 Rae8 23. Rd2 Bf8 24. Rad1 h5 25.
b4 h4 26. Nd7 cxb4 27. Nxb4 Bxb4 28. Nxf6+ Rxf6 29. cxb4 Qc3 30. Rd4 Rc6 31. Qg4 Rc4 32. Qxh4 Qc2 33. Rd8 Rc8 34. Rxe8+ Rxe8 35. Rd8 Rxd8 36.
Qxd8+ Kh7 37. Qh4+ Kg7 38. Qe7 Qb1+ 39. Kh2 Qc2 40.
Qe5+ Kg8 41. Qe8+ Kg7 42. Qe5+ Kg8 43. Qe8+ Kg7 44. Qe5+ 1/2-1/2

[Event "*** SCC Grand Prix: Titled Tuesday Blitz"]
[Site "Chess.com"]
[Date "2020.07.14"]
[Round "1"]
[White "topotun"]
[Black "davigator"]
[Result "1-0"]
[WhiteElo "2697"]
[BlackElo "2361"]
[TimeControl "180+1"]
[EndTime "10:06:09 PDT"]
[Termination "topotun won by resignation"]

1. e4 c5 2. Nf3 Nc6 3. d4 cxd4 4. Nxd4 Nf6 5. Nc3 d6 6. f3 e5 7. Nb3 Be7 8. Be3 Be6 9. Nd5 Bxd5 10. exd5 Nb8 11. Qd2 Nbd7 12. Be2 O-O 13. O-O Qc7 14. c4 Rfe8 15. Na5 e4 16. f4 h5 17. h3 Nb6 18. b4 h4 19. Rac1 Nfd7 20. Rfd1 Bf6 21. c5 dxc5 22. bxc5 Na4 23. d6 Qc8 24. Rc2 Naxc5 25.
Bxc5 Nxc5 26. d7 e3 27. dxc8=Q exd2 28. Qxa8 Rxa8 29. Rdxd2 1-0

[Event "*** SCC Grand Prix: Titled Tuesday Blitz"]
[Site "Chess.com"]
[Date "2020.07.14"]
[Round "1"]
[White "RaunakSadhwani2005"]
[Black "MashaFromRussia"]
[Result "1-0"]
[WhiteElo "2953"]
[BlackElo "2439"]
[TimeControl "180+1"]
[EndTime "10:06:10 PDT"]
[Termination "RaunakSadhwani2005 won by resignation"]

1. d4 Nf6 2. Bf4 g6 3. Nc3 Bg7 4. e4 d6 5. Qd2 O-O 6. f3 c5 7. dxc5 dxc5 8. Qxd8 Rxd8 9. Be3 b6 10. Bc4 Nc6 11. a3 Ne5 12. Be2 Be6 13. Nh3 Nc4 14. Bc1 Bxh3 15. gxh3 Ne5 16. Bg5 h6 17. Be3 e6 18. f4 Nc6 19. e5 Nd5 20. Nxd5 exd5 21. h4 f6 22. e6 Re8 23. Bf3 Rad8 24. O-O-O Rxe6 25. Bf2 Red6 26. Rhg1 f5 27. h5 Nd4 28. Bxd4 Bxd4 29. Rge1 Kf7 30. hxg6+ Kf6 31. c3 Bf2 32. Re2 Bh4 33. Rg1 d4 34. g7 Rg8 35. Reg2 d3 36.
c4 d2+ 37. Kd1 Re6 38. Rg6+ Ke7 39. Rxe6+ Kxe6 40. Bd5+ 1-0

[Event "*** SCC Grand Prix: Titled Tuesday Blitz"]
[Site "Chess.com"]
[Date "2020.07.14"]
[Round "1"]
[White "LyonBeast"]
[Black "Zufi1811"]
[Result "0-1"]
[WhiteElo "3019"]
[BlackElo "2466"]
[TimeControl "180+1"]
[EndTime "10:06:12 PDT"]
[Termination "Zufi1811 won by resignation"]

1. d4 d5 2. Nf3 Nf6 3. Bf4 e6 4.
e3 Bd6 5. Bg3 c5 6. c3 O-O 7.
Nbd2 Qc7 8. Ne5 Nc6 9. f4 Ne7 10.
Bd3 b6 11. O-O Bb7 12. Bh4 Ne4 13. Nxe4 dxe4 14. Be2 Nf5 15. Bf2 cxd4 16. cxd4 Rac8 17. Nc4 Be7 18. Rc1 Qb8 19. Qd2 Rc7 20. Ne5 Rfc8 21.
a3 f6 22. Nc4 Bd5 23. b3 b5 24.
Na5 Bxa3 25. Rxc7 Qxc7 26. Bxb5 Qc3 27. Nc4 Rxc4 28. Qa2 Rb4 29. Qxa3 Rxb5 30. Rc1 Qxb3 31. Rc8+ Kf7 32. Qf8+ Kg6 33. Qe8+ Kh6 34. g4 Qd1+ 35. Kg2 Qxg4+ 0-1

[Event "*** SCC Grand Prix: Titled Tuesday Blitz"]
[Site "Chess.com"]
[Date "2020.07.14"]
[Round "1"]
[White "FatUpss"]
[Black "Steven_Rojas"]
[Result "1-0"]
[WhiteElo "2765"]
[BlackElo "2397"]
[TimeControl "180+1"]
[EndTime "10:06:12 PDT"]
[Termination "FatUpss won by resignation"]

1. e4 e6 2. d4 d5 3. Bd3 dxe4 4. Bxe4 Nf6 5. Bf3 Nbd7 6. Ne2 e5 7. O-O Bd6 8. Ng3 O-O 9. Nf5 e4 10. Be2 Re8 11. Nxd6 cxd6 12. c4 d5 13. b3 Nf8 14.
Nc3 Bf5 15. Bg5 dxc4 16. bxc4 Ne6 17. Be3 Qa5 18. Qb3 b6 19. h3 Red8 20. Rfd1 Rac8 21.
Rac1 h5 22. Nb5 Nc7 23. a4 Qa6 24. c5 bxc5 25. dxc5 Qe6 26. Bc4 Qe7 27. Nd6 Rb8 28. Nxf5 Qe5 29. Rxd8+ Rxd8 30. Nd6 Ncd5 31. Rd1 h4 32.
Bxd5 Nxd5 33. Qxd5 Qf6 34. Bg5 Rxd6 1-0

[Event "*** SCC Grand Prix: Titled Tuesday Blitz"]
[Site "Chess.com"]
[Date "2020.07.14"]
[Round "1"]
[White "Mischuk_D"]
[Black "Colombiano07"]
[Result "1-0"]
[WhiteElo "2635"]
[BlackElo "2319"]
[TimeControl "180+1"]
[EndTime "10:06:12 PDT"]
[Termination "Mischuk_D won by resignation"]

1. e4 c5 2. Nf3 g6 3. d4 cxd4 4. Nxd4 Nf6 5. Nc3 Nc6 6. Nb3 Bg7 7. Be2 O-O 8. O-O a5 9. a4 d6 10. Re1 Be6 11. Bf1 Nd7 12. Nd5 Nc5 13. c3 Re8 14.
Nxc5 dxc5 15. Bb5 Rc8 16. Be3 b6 17. Nf4 Bd7 18. Qe2 Qc7 19. Rad1 Rcd8 20. Nd5 Qb8 21.
Bf4 Be5 22. Bxe5 Nxe5 23. Bxd7 Nxd7 24. Qb5 e6 25. Ne3 Nf6 26. f3 Rxd1 27. Rxd1 Rd8 28. Re1 Qd6 29. Nc4 Qd3 30. Nxb6 Qxb5 31. axb5 Rb8 32.
Nc4 Rxb5 33. Ra1 Nd7 34. Rxa5 Rxa5 35. Nxa5 Kf8 36. Kf2 Ke7 37. Ke3 Kd6 38. h4 h5 39.
Kf4 f6 40. Nc4+ Kc6 41. e5 f5 42. Ne3 Kb5 43. b3 1-0

[Event "*** SCC Grand Prix: Titled Tuesday Blitz"]
[Site "Chess.com"]
[Date "2020.07.14"]
[Round "1"]
[White "kasparicy"]
[Black "GothamChess"]
[Result "0-1"]
[WhiteElo "2295"]
[BlackElo "2599"]
[TimeControl "180+1"]
[EndTime "10:06:13 PDT"]
[Termination "GothamChess won by resignation"]

1. e4 c6 2. d4 d5 3. f3 e6 4.
Nc3 Qb6 5. Be3 Nf6 6. Bd3 Bb4 7. Qd2 O-O 8. e5 Nfd7 9. f4 c5 10. Nf3 Nc6 11. Qf2 Ba5 12. O-O f5 13. Na4 Qd8 14.
dxc5 Bc7 15. Nd4 Nxd4 16. Bxd4 Nb8 17. b4 Bd7 18. Nb2 Nc6 19. c3 a5 20. a3 Be8 21. b5 Nxd4 22. cxd4 a4 23. Rfc1 Qe7 24. Nd1 Ba5 25. Rab1 b6 26. Qa2 Bh5 27. Ne3 Rac8 28. c6 Kh8 29. g3 g5 30. Kf2 gxf4 31. gxf4 Qh4+ 32. Kg1 Rg8+ 33. Ng2 Bf3 34. Bf1 Qxf4 35. Qf2 Bd2 36. Kh1 Bxc1 0-1

[Event "*** SCC Grand Prix: Titled Tuesday Blitz"]
[Site "Chess.com"]
[Date "2020.07.14"]
[Round "1"]
[White "Ermito2020"]
[Black "TioCridineno"]
[Result "1-0"]
[WhiteElo "2510"]
[BlackElo "2145"]
[TimeControl "180+1"]
[EndTime "10:06:13 PDT"]
[Termination "Ermito2020 won by resignation"]

1. e4 c5 2. Nf3 d6 3. d4 cxd4 4. Nxd4 Nf6 5. Nc3 a6 6. Bg5 e6 7.
f4 h6 8. Bh4 Qb6 9. Qd2 Qxb2 10. Rb1 Qa3 11. f5 Be7 12. fxe6 fxe6 13. Bc4 Nxe4 14.
Nxe4 Bxh4+ 15. g3 Bg5 16. Nxg5 hxg5 17. O-O Qc5 18. Qf2 Nc6 19. Nxe6 Qxf2+ 20. Rxf2 Bxe6 21. Bxe6 Nd4 22. Bd5 Rf8 23. Rxb7 Rxf2 24. Kxf2 Rc8 25. c4 g4 26. Rxg7 Rc5 27. Rxg4 Ra5 28. Rxd4 1-0

[Event "*** SCC Grand Prix: Titled Tuesday Blitz"]
[Site "Chess.com"]
[Date "2020.07.14"]
[Round "1"]
[White "Shubinkirill2003"]
[Black "dpopadic"]
[Result "1-0"]
[WhiteElo "2631"]
[BlackElo "2315"]
[TimeControl "180+1"]
[EndTime "10:06:15 PDT"]
[Termination "Shubinkirill2003 won by resignation"]

1. e4 c5 2. Nf3 Nc6 3. Bb5 g5 4. h3 h6 5. c3 Nf6 6. Qe2 Bg7 7. O-O d6 8. d4 cxd4 9. cxd4 O-O 10. Nc3 a6 11. Bd3 e5 12. dxe5 Nxe5 13. Nd4 Be6 14. f4 gxf4 15. Bxf4 Ng6 16. Be3 Rc8 17. Rad1 Ne5 18.
Nxe6 fxe6 19. Bc2 Qe7 20. Bb3 b5 21. a3 Nc4 22. Bxc4 Rxc4 23. Bf4 Rd8 24. Rd3 e5 25. Bg3 Qa7+ 26. Kh2 Rd7 27. Bh4 Nh7 28. Nd5 Rc8 29.
Qg4 Re8 30. Rdf3 a5 31. Qg6 Qa8 32. Rf7 Rxf7 33. Rxf7 1-0

[Event "*** SCC Grand Prix: Titled Tuesday Blitz"]
[Site "Chess.com"]
[Date "2020.07.14"]
[Round "1"]
[White "Mikhail_Golubev"]
[Black "xberli"]
[Result "1-0"]
[WhiteElo "2597"]
[BlackElo "2290"]
[TimeControl "180+1"]
[EndTime "10:06:16 PDT"]
[Termination "Mikhail_Golubev won by resignation"]

1. e4 c5 2. Nf3 d6 3. d4 cxd4 4. Nxd4 Nf6 5. Nc3 a6 6. Bc4 e6 7. O-O Nbd7 8. Bxe6 fxe6 9. Nxe6 Qe7 10. Nc7+ Kf7 11.
Nxa8 b5 12. Nc7 Bb7 13. Re1 g6 14. N3d5 Nxd5 15. exd5 Qf6 16. Qe2 Qe5 17. Qf3+ Qf6 18. Qe2 Qe5 19. Qxe5 Nxe5 20. Bf4 Bg7 21. Ne6 Bf6 22.
Rad1 Rc8 23. c3 Nc4 24. Re2 a5 25. Ng5+ Kg7 26. Ne4 Be7 27. b3 Nb6 28. Bxd6 1-0

[Event "*** SCC Grand Prix: Titled Tuesday Blitz"]
[Site "Chess.com"]
[Date "2020.07.14"]
[Round "1"]
[White "themind1hunter"]
[Black "secretsuperstar7"]
[Result "1-0"]
[WhiteElo "2501"]
[BlackElo "2121"]
[TimeControl "180+1"]
[EndTime "10:06:16 PDT"]
[Termination "themind1hunter won on time"]

1. e4 c5 2. Nf3 d6 3. d4 cxd4 4.
Nxd4 Nf6 5. Nc3 a6 6. Be3 e5 7.
Nb3 Be6 8. Qd2 h6 9. O-O-O Ng4 10. g3 Nxe3 11. Qxe3 Nc6 12. f4 Be7 13. Kb1 Rc8 14. f5 Bxb3 15. cxb3 Nd4 16. h4 Qc7 17. Bd3 Qc5 18.
Nd5 Nc6 19. Qe2 Bd8 20. Qg4 O-O 21. f6 g6 22. Qxc8 Ba5 23. Ne7+ Nxe7 24. Qxc5 dxc5 25. fxe7 Re8 26. Bc4 Rxe7 27. a4 1-0

[Event "*** SCC Grand Prix: Titled Tuesday Blitz"]
[Site "Chess.com"]
[Date "2020.07.14"]
[Round "1"]
[White "Margarita2907"]
[Black "AccioChess"]
[Result "0-1"]
[WhiteElo "2090"]
[BlackElo "2479"]
[TimeControl "180+1"]
[EndTime "10:06:16 PDT"]
[Termination "AccioChess won by resignation"]

1. e4 e5 2. Nf3 Nc6 3. Bc4 Nf6 4. d3 Be7 5. O-O O-O 6. h3 d6 7. c3 Na5 8. Bb5 c5 9. Re1 a6 10. Ba4 b5 11. Bc2 Bb7 12. Nbd2 Re8 13. Nf1 Bf8 14.
Ng3 g6 15. d4 Bg7 16. a4 exd4 17. cxd4 Nc6 18. Be3 Nb4 19. dxc5 dxc5 20. Bxc5 Nxc2 21. Qxc2 Rc8 22. axb5 Nd7 23. b4 Bxa1 24. Rxa1 Nxc5 25. bxc5 axb5 26. Ra7 Rc7 27. Nd2 Bxe4 28. Ndxe4 Rxa7 29. Qb2 Ra6 30. Qxb5 Rae6 31. Nd6 Rxd6 32. cxd6 Re1+ 33. Kh2 Qxd6 34. Qa5 Rd1 35. Qa8+ Kg7 36. Qa2 h5 37.
Qb2+ Kg8 38. h4 Rd4 39. Qe2 Rxh4+ 40. Kg1 Rd4 41. Qe8+ Kg7 42. Qe3 Rd1+ 43. Kh2 h4 44. Qg5 hxg3+ 45. fxg3 Qd4 0-1

[Event "*** SCC Grand Prix: Titled Tuesday Blitz"]
[Site "Chess.com"]
[Date "2020.07.14"]
[Round "1"]
[White "TST2014"]
[Black "mirochka"]
[Result "1-0"]
[WhiteElo "2510"]
[BlackElo "2144"]
[TimeControl "180+1"]
[EndTime "10:06:17 PDT"]
[Termination "TST2014 won on time"]

1. d4 Nf6 2. c4 e6 3. Nf3 d5 4.
Nc3 Be7 5. Bf4 b6 6. e3 O-O 7.
Bd3 dxc4 8. Bxc4 Bb7 9. O-O Nbd7 10. Qe2 a6 11. a4 c5 12. Rfd1 cxd4 13. exd4 Nd5 14. Nxd5 Bxd5 15. Bxa6 Bxf3 16. gxf3 Nf6 17. Bb5 Nd5 18. Bg3 Bd6 19. Rac1 Nf4 20. Qe4 Qg5 21. Rc6 Nh3+ 22. Kg2 Nf4+ 23. Kh1 Rad8 24. Rxd6 Rxd6 25. Bxf4 1-0

[Event "*** SCC Grand Prix: Titled Tuesday Blitz"]
[Site "Chess.com"]
[Date "2020.07.14"]
[Round "1"]
[White "ferdipy"]
[Black "JosefineHeinemann"]
[Result "0-1"]
[WhiteElo "2320"]
[BlackElo "2637"]
[TimeControl "180+1"]
[EndTime "10:06:20 PDT"]
[Termination "JosefineHeinemann won by resignation"]

1. e4 c5 2. d4 cxd4 3. c3 Nf6 4.
e5 Nd5 5. cxd4 d6 6. Nf3 Nc6 7. h3 e6 8. a3 Be7 9. Bd3 dxe5 10. dxe5 Qc7 11. O-O Nxe5 12. Nxe5 Qxe5 13. Bb5+ Kf8 14.
Re1 Qd6 15. b4 Bd7 16. Bd3 Bf6 17. Ra2 h5 18. Be4 Rd8 19. Rd2 Qc7 20. Qf3 Bc6 21. Rc2 h4 22. Bd2 a6 23. Nc3 Ne7 24. Bf4 Be5 25.
Bxc6 Nxc6 26. Bxe5 Nxe5 27. Qe4 Nc6 28. b5 axb5 29.
Nxb5 Qe7 30. Rc3 Rh5 31. a4 Re5 32. Qb1 Rxe1+ 33. Qxe1 Qb4 34. Qa1 Ra8 35. Ra3 Kg8 36. Qd1 Rd8 37. Qh5 g6 38. Qf3 Qe1+ 39. Kh2 Rd1 0-1

[Event "*** SCC Grand Prix: Titled Tuesday Blitz"]
[Site "Chess.com"]
[Date "2020.07.14"]
[Round "1"]
[White "vladislavkovalev"]
[Black "KonstantinB_1983"]
[Result "1-0"]
[WhiteElo "2921"]
[BlackElo "2433"]
[TimeControl "180+1"]
[EndTime "10:06:21 PDT"]
[Termination "vladislavkovalev won by resignation"]

1. e4 d5 2. exd5 Qxd5 3. Nc3 Qd6 4. d4 Nf6 5. Nf3 a6 6. g3 Bg4 7. Bg2 Nc6 8. O-O O-O-O 9. Bf4 Qb4 10. h3 Rxd4 11.
Nxd4 Bxd1 12. Nxc6 bxc6 13. Raxd1 e6 14. Bxc6 Bd6 15.
Be3 Rd8 16. Rd4 Qxb2 17. Rc4 Be5 18. Rb1 Bxc3 19. Rxb2 Bxb2 20. Rb4 Ba3 21. Ra4 Rd1+ 22. Kg2 Bd6 23. Rxa6 Kd8 24. Ra8+ Ke7 25. Bg5 Bb4 26. Re8+ Kd6 27. Rd8+ Kxc6 28. Rxd1 Nd5 29. Bd2 Bd6 30.
Kf3 Kc5 31. Ke2 Kc4 32. Rb1 c5 33. Rb7 1-0

[Event "*** SCC Grand Prix: Titled Tuesday Blitz"]
[Site "Chess.com"]
[Date "2020.07.14"]
[Round "1"]
[White "Ave_Mariia"]
[Black "AvitalBor"]
[Result "0-1"]
[WhiteElo "2382"]
[BlackElo "2724"]
[TimeControl "180+1"]
[EndTime "10:06:21 PDT"]
[Termination "AvitalBor won by resignation"]

1. c4 e6 2. g3 d5 3. Nf3 dxc4 4. Bg2 a6 5. a4 Nc6 6. O-O Nf6 7. Qc2 Na5 8. Rd1 Nd5 9. Na3 Bxa3 10. Rxa3 O-O 11. Ne5 Bd7 12. Nxc4 Nxc4 13. Qxc4 Bc6 14. a5 Qe7 15. d4 Rad8 16. e4 Nf6 17. Re3 e5 18. d5 Bb5 19. Qc3 c6 20. Ree1 h6 21.
f4 cxd5 22. fxe5 Nxe4 23. Bxe4 dxe4 24. Bf4 Bd3 25. Rc1 Qe6 26. Qc7 Rd7 27. Qc5 Rfd8 28. Rc3 Bb5 29. Rxe4 Rd1+ 0-1

[Event "*** SCC Grand Prix: Titled Tuesday Blitz"]
[Site "Chess.com"]
[Date "2020.07.14"]
[Round "1"]
[White "KaterynaLagno"]
[Black "Dr_crypt"]
[Result "1-0"]
[WhiteElo "2767"]
[BlackElo "2398"]
[TimeControl "180+1"]
[EndTime "10:06:23 PDT"]
[Termination "KaterynaLagno won by resignation"]

1. e4 d5 2. exd5 Qxd5 3. Nc3 Qd6 4. d4 c6 5. Nf3 Bg4 6. Bc4 Nf6 7. Be3 e6 8. h3 Bh5 9. g4 Bg6 10. Ne5 Nbd7 11. f4 Qc7 12. Qe2 Nxe5 13. dxe5 Ne4 14. Nxe4 Bxe4 15. O-O h5 16. Bd4 Bd5 17. Bxd5 cxd5 18.
c3 hxg4 19. hxg4 a6 20. Kg2 Be7 21. Rh1 O-O-O 22. b4 Qc4 23. Qxc4+ dxc4 24. a3 Kc7 25. Kf3 Kc6 26. Ke4 g6 27. a4 Rh4 28. Rxh4 Bxh4 29.
Rh1 Rh8 30. f5 Bf6 31. Rxh8 Bxh8 32. f6 b5 33. axb5+ axb5 34. Kf4 Kd5 35. Kg5 Ke4 36. Kh6 Kf4 37. Kh7 Bxf6 38. exf6 e5 39. Bc5 e4 40. Kg7 e3 41. Kxf7 1-0

[Event "*** SCC Grand Prix: Titled Tuesday Blitz"]
[Site "Chess.com"]
[Date "2020.07.14"]
[Round "1"]
[White "jaskol95"]
[Black "Angry_Twin"]
[Result "0-1"]
[WhiteElo "2394"]
[BlackElo "2761"]
[TimeControl "180+1"]
[EndTime "10:06:23 PDT"]
[Termination "Angry_Twin won by resignation"]

1. d4 Nf6 2. c4 g6 3. Nc3 d5 4. cxd5 Nxd5 5. e4 Nxc3 6. bxc3 Bg7 7. Bc4 c5 8. Ne2 O-O 9. Be3 Nc6 10. Qd2 Na5 11.
Bd3 e5 12. dxc5 Be6 13. O-O Nc4 14. Bxc4 Bxc4 15. Rfd1 Qxd2 16. Rxd2 Rfd8 17. Kf1 Rxd2 18. Bxd2 Rd8 19. Be3 Bf8 20. Ke1 Rc8 21. Rb1 Ba6 22.
Rd1 Bxc5 23. Bxc5 Rxc5 24. Rd5 Rxd5 25. exd5 Bc4 26. d6 Kf8 27. a3 Ke8 28. Ng3 f5 29. h4 Kd7 30. Kd2 Kxd6 31. h5 b5 32. hxg6 hxg6 33. f3 a5 34. Nh1 Bf1 35. g4 Bg2 36. Ng3 Ke6 37. gxf5+ gxf5 38. Ke2 Bh3 39. Nh1 f4 40. Nf2 Bf5 41. Kd2 Kd5 42. Ke2 Kc4 43. Kd2 Kb3 44. Ng4 e4 45. Nh6 e3+ 46. Ke2 Be6 47.
Kd3 Bc4+ 48. Ke4 e2 0-1

[Event "*** SCC Grand Prix: Titled Tuesday Blitz"]
[Site "Chess.com"]
[Date "2020.07.14"]
[Round "1"]
[White "Pintacara"]
[Black "BlackBoarder"]
[Result "1-0"]
[WhiteElo "2318"]
[BlackElo "2593"]
[TimeControl "180+1"]
[EndTime "10:06:23 PDT"]
[Termination "Pintacara won by checkmate"]

1. d4 e6 2. Nf3 Nf6 3. Bg5 c5 4. Nc3 cxd4 5. Qxd4 Nc6 6. Qh4 Be7 7. e4 O-O 8. O-O-O Qa5 9. Bd3 h6 10. Bxh6 gxh6 11.
Qxh6 Ng4 12. Qf4 Nce5 13. h3 Nxd3+ 14. Rxd3 Nf6 15. e5 Nh7 16. h4 f6 17. Qg4+ Kh8 18.
Qh5 d6 19. Ng5 fxg5 20. hxg5 Bxg5+ 21. Kb1 Bh6 22. Qxh6 Qc7 23. Qxf8# 1-0

[Event "*** SCC Grand Prix: Titled Tuesday Blitz"]
[Site "Chess.com"]
[Date "2020.07.14"]
[Round "1"]
[White "Raffaello123"]
[Black "StephenDedalus83"]
[Result "0-1"]
[WhiteElo "2412"]
[BlackElo "2829"]
[TimeControl "180+1"]
[EndTime "10:06:24 PDT"]
[Termination "StephenDedalus83 won by resignation"]

1. e4 c5 2. Nf3 Nc6 3. d4 cxd4 4. Nxd4 Qc7 5. Nc3 e6 6. Be3 a6 7. Bd3 Nf6 8. O-O Ne5 9. Be2 Bc5 10. a3 d6 11. f4 Nc6 12. Kh1 O-O 13. e5 dxe5 14.
Nxc6 Qxc6 15. fxe5 Nd7 16. Bxc5 Qxc5 17. Bd3 Qxe5 18.
Qf3 Nc5 19. Rae1 Qd4 20. Ne2 Qd6 21. Rd1 Nxd3 22. Rxd3 Qe5 23. Rfd1 Qf6 24. Qe4 e5 25. Rd6 Be6 26. Qxb7 Rab8 27. Qxa6 Rxb2 28. Ng3 Rxc2 29. Rf1 Qg6 30. Qb6 h5 31. Qb4 Rfc8 32. Rdd1 R2c4 33. Qb6 h4 34. Rd8+ Rxd8 35. Qxd8+ Kh7 36. Ne2 h3 37. g3 Qe4+ 0-1

[Event "*** SCC Grand Prix: Titled Tuesday Blitz"]
[Site "Chess.com"]
[Date "2020.07.14"]
[Round "1"]
[White "NikolaGry"]
[Black "DanielTitichoca"]
[Result "1/2-1/2"]
[WhiteElo "2634"]
[BlackElo "2335"]
[TimeControl "180+1"]
[EndTime "10:06:24 PDT"]
[Termination "Game drawn by agreement"]

1. e4 c5 2. Nf3 e6 3. d4 cxd4 4. Nxd4 a6 5. c4 Qc7 6. Nc3 b6 7. f3 Bb7 8. Be3 Nf6 9. Be2 d6 10. O-O Nbd7 11. Rc1 Be7 12. Qd2 O-O 13. Rfd1 Rac8 14.
Kh1 Rfe8 15. Bf1 Bf8 16. Bg1 Qb8 17. b3 Be7 18. Nc2 Qa8 19. Ne3 Bf8 20. Qf2 g6 21. Ne2 d5 22. cxd5 exd5 23. Rxc8 Rxc8 24. exd5 Nxd5 25.
Nxd5 Bxd5 26. Nf4 Bc6 27. Bc4 Ne5 28. Bd5 Bg7 29. Qxb6 h5 30. Bxc6 Qxc6 31. Qxc6 Rxc6 32. Nd5 Rc2 33. Nb4 Rb2 34. Bd4 Re2 35. Nxa6 Rxa2 36.
Nb4 Re2 37. Nd5 h4 38. h3 Nc6 39. Bxg7 Kxg7 40. b4 Rb2 41. Rc1 Nxb4 42. Nxb4 Rxb4 43. Kh2 1/2-1/2

[Event "*** SCC Grand Prix: Titled Tuesday Blitz"]
[Site "Chess.com"]
[Date "2020.07.14"]
[Round "1"]
[White "guillejr"]
[Black "pedro_gines"]
[Result "0-1"]
[WhiteElo "1973"]
[BlackElo "2464"]
[TimeControl "180+1"]
[EndTime "10:06:24 PDT"]
[Termination "pedro_gines won by resignation"]

1. e4 c6 2. d4 d5 3. exd5 cxd5 4. c4 Nf6 5. Nc3 Nc6 6. Nf3 Bg4 7. cxd5 Nxd5 8.
Bc4 e6 9. Be3 Be7 10. O-O Nxe3 11. fxe3 O-O 12. a3 Rc8 13. Qd3 Qa5 14. b4 Qh5 15. Ne4 Rfd8 16. Ng3 Qh6 17. Qb3 Bd6 18.
Ne4 Bb8 19. h3 Bf5 20. Nc5 b6 21. Nd3 Qxe3+ 22. Rf2 Bg3 23. Re1 Bxf2+ 24. Nxf2 Qxb3 25. Bxb3 Nxd4 26. Nxd4 Rxd4 0-1